 Dungeon Crawl Stone Soup version 0.30.0-10-gfe55d96785 (webtiles) character file.

Game seed: 7556152836679985915

69 Mickster the Chopper (level 4, -1/41 HPs)
             Began as a Hill Orc Berserker on May 14, 2023.
             Was a Follower of Trog.
             Slain by Natasha (4 damage)
             ... on level 2 of the Dungeon.
             The game lasted 00:07:08 (1034 turns).

Mickster the Chopper (Hill Orc Berserker)           Turns: 1034, Time: 00:07:08

Health: -1/41      AC:  3    Str: 21    XL:     4   Next: 20%
Magic:  4/4        EV: 11    Int:  7    God:    Trog [*.....]
Gold:   17         SH:  0    Dex: 10    Spells: 3/3 levels left

rFire   . . .        a - +0 hand axe
rCold   . . .        (no shield)
rNeg    . . .        e - +0 leather armour
rPois   .            (no helmet)
rElec   .            (no cloak)
rCorr   .            (no gloves)
SInv    .            (no boots)
Will    .....        (no amulet)
Stlth   +            (no ring)
HPRegen 0.26/turn    (no ring)
MPRegen 0.09/turn

%: no passive effects
@: on berserk cooldown, slowed, very slow
A: no striking features
a: Renounce Religion, Berserk


You were on level 2 of the Dungeon.
You worshipped Trog.
Trog was aware of your devotion.
You visited 1 branch of the dungeon, and saw 2 of its levels.

You collected 17 gold pieces.

Inventory:

Hand Weapons
 a - a +0 hand axe (weapon)
Armour
 b - a +0 animal skin
 e - a +0 leather armour (worn)
Scrolls
 d - a scroll of teleportation
Potions
 c - 2 potions of brilliance


   Skills:
 + Level 4.4 Fighting
 * Level 5.4 Axes
 + Level 2.4 Armour
 + Level 1.8 Dodging
 + Level 0.2 Stealth


You had 3 spell levels left.
You didn't know any spells.
Your spell library was empty.

Dungeon Overview and Level Annotations

Branches:
Dungeon (2/15)

Altars:

Annotations:
D:2 Natasha


Message History

A goblin comes into view. It is wielding a +0 dagger.
Natasha barely misses you.
You barely miss Natasha.
Natasha is severely wounded.
The goblin shouts!
Natasha claws you!
You barely miss Natasha.
Natasha is severely wounded.
Natasha claws you. Natasha closely misses you. The goblin closely misses you.
You hit Natasha.
Natasha is severely wounded.
You barely miss the goblin. Natasha claws you. The goblin barely misses you.
You hit Natasha but do no damage.
Natasha is severely wounded.
You hit the goblin. Natasha closely misses you. The goblin barely misses you.
Natasha closely misses you. The goblin hits you but does no damage.
You closely miss Natasha.
Natasha is severely wounded.
You closely miss the goblin. Natasha closely misses you.
The goblin hits you but does no damage.
You hit Natasha.
Natasha is almost dead.
You hit the goblin. Natasha claws you. The goblin hits you with a +0 dagger.
* * * LOW HITPOINT WARNING * * *
Natasha claws you.
* * * LOW HITPOINT WARNING * * *
The goblin hits you with a +0 dagger.
* * * LOW HITPOINT WARNING * * *
You closely miss Natasha.
Natasha is almost dead.
You hit the goblin.
You kill the goblin!
Trog accepts your kill. Natasha claws you.
* * * LOW HITPOINT WARNING * * *
Natasha casts a spell.
You barely miss Natasha.
Natasha is almost dead.
You closely miss the cerulean imp. Natasha claws you.
You die...

...........#
#######.#.## ## .#.
#.#.# #.. ... #†#.#
#.# ..# #.#.# #.#
..# # #.#.#
##.##..##.# ###.#.#
#.......... #...(.#
#.5.)..##.#
#.....####.?@h.....#
#........††.)###>...
#.....#..†..........
#.....#.###..###....
######### #### ..


You could see Natasha and a cerulean imp (summoned).

Vanquished Creatures
  Natasha (D:2)
  A worm (D:2)
  A ball python (D:1)
  2 bats (D:1)
  3 endoplasms (D:1)
  4 giant cockroaches
  3 goblins
  4 hobgoblins
  7 jackals (D:1)
  3 kobolds (D:1)
  2 quokkas
  A frilled lizard (D:1)
  4 rats
36 creatures vanquished.

Notes
Turn   | Place    | Note
-------+----------+-------------------------------------------
     0 | D:1      | Mickster the Hill Orc Berserker began the quest for the
                  | Orb.
     0 | D:1      | Reached XP level 1. HP: 19/19 MP: 1/1
   316 | D:1      | Reached XP level 2. HP: 23/27 MP: 2/2
   722 | D:1      | Reached XP level 3. HP: 33/33 MP: 3/3
  1002 | D:2      | Reached ** piety under Trog
  1003 | D:2      | Noticed Natasha
  1013 | D:2      | Killed Natasha
  1014 | D:2      | Reached skill level 5 in Axes
  1014 | D:2      | Reached XP level 4. HP: 41/41 MP: 4/4
  1019 | D:2      | Noticed Natasha
  1034 | D:2      | Slain by Natasha

Illustrated notes

Levels and vault maps discovered:
D:1:      minmay_arrival_widening_spiral_wide, layout_basic
D:2:      layout_loops_ring, minmay_misc_feat_rugged, grunt_ministairs_7,
          uniq_sigmund, uniq_natasha, uniq_crazy_yiuf_cottage

Skill      XL: |  1  2  3 |
---------------+----------+-----
Fighting       | 4 |  4.4
Axes           | 5 |  5.4
Armour         | |  2.4
Dodging        | |  1.8
Stealth        | |  0.2

Action                     |  1- 3 |  4- 6 || total
---------------------------+-------+-------++-------
  Melee: Hand axe          |    86 |    14 ||   100
         Punch             |     2 |     1 ||     3
 Invoke: Berserk           |     4 |       ||     4
         Trog's Hand       |     1 |       ||     1
    Use: Scroll            |     3 |       ||     3
         Potion            |     1 |       ||     1
   Stab: Sleeping          |     1 |       ||     1
 Armour: Animal skin       |    15 |       ||    15
         Leather armour    |     5 |     4 ||     9
  Dodge: Dodged            |    61 |    12 ||    73
